 Dungeon Crawl Stone Soup version 0.26.0-10-g1f06aea511 (webtiles) character file.

Game seed: 4015162205542378189

53 Borgoz the Slasher (level 3, -1/30 HPs)
             Began as a Ghoul Gladiator on Jan 15, 2021.
             Slain by Grinder (8 damage)
             ... while paralysed by Grinder
             ... on level 3 of the Dungeon.
             The game lasted 00:01:47 (2096 turns).

Borgoz the Slasher (Ghoul Gladiator)                Turns: 2096, Time: 00:01:48

Health: -1/30      AC:  4    Str: 17    XL:     3   Next: 87%
Magic:  2/2        EV:  2    Int:  3    God:
Gold:   72         SH:  0    Dex: 11    Spells: 2/2 levels left

rFire    . . .     SeeInvis .   a - +0 long sword
rCold    + . .     Faith    .   (no shield)
rNeg     + + +     Spirit   .   b - +0 leather armour
rPois    ∞         Reflect  .   c - +0 helmet
rElec    .         Harm     .   (no cloak)
rCorr    .         Rampage  .   (no gloves)
Will     .....                  (no boots)
Stlth    +.........             (no amulet)
HPRegen  0.00/turn              (no ring)
MPRegen  0.08/turn              (no ring)

@: paralysed
A: claws 1, cold resistance 1, negative energy resistance 3, inhibited
regeneration, torment resistance, unbreathing
a: no special abilities


You were on level 3 of the Dungeon.
You visited 1 branch of the dungeon, and saw 3 of its levels.

You collected 72 gold pieces.

Inventory:

Hand Weapons
 a - a +0 long sword (weapon)
Missiles
 d - 3 throwing nets (quivered)
Armour
 b - a +0 leather armour (worn)
 c - a +0 helmet (worn)
Scrolls
 e - a scroll of teleportation
 g - 2 scrolls of blinking
 i - a scroll of noise {unknown}
 l - a scroll of magic mapping {unknown}
 m - a scroll of fog {unknown}
 n - a scroll of enchant weapon {unknown}
Potions
 h - a potion of magic
 j - a potion of heal wounds
 k - a potion of flight


   Skills:
 + Level 2.5 Fighting
 * Level 3.2 Long Blades
 - Level 1.7 Throwing
 * Level 1.5 Armour
 * Level 3.1 Dodging


You had 2 spell levels left.
You didn't know any spells.
Your spell library was empty.

Dungeon Overview and Level Annotations

Branches:
Dungeon (3/15)

Altars:
Hepliaklqana
Ru

Annotations:
D:3 Grinder


Innate Abilities, Weirdness & Mutations

You thrive by killing the living.
You are immune to poison.
You have sharp fingernails.
Your flesh is cold resistant. (rC+)
You are immune to negative energy. (rN+++)
You do not regenerate when monsters are visible.
You are immune to unholy pain and torment.
You can survive without breathing.


Message History

You are too injured to fight recklessly!
You are too injured to fight recklessly!
You are too injured to fight recklessly!
The giant cockroach bites you but does no damage.
Grinder gestures at you.
You suddenly lose the ability to move!
The goblin hits you but does no damage.
The giant cockroach bites you but does no damage.
Grinder hits you but does no damage. The goblin hits you but does no damage.
The giant cockroach bites you but does no damage.
Grinder completely misses you. The goblin hits you.
* * * LOW HITPOINT WARNING * * *
The giant cockroach bites you but does no damage.
The goblin hits you with a +0 dagger.
* * * LOW HITPOINT WARNING * * *
Grinder gestures at you. You resist with significant effort.
The goblin hits you.
* * * LOW HITPOINT WARNING * * *
The giant cockroach barely misses you. The goblin hits you but does no damage.
Grinder hits you!
You die...

# # #. #$ ..
#.### ##
#.#...###...#
#..##5§§.._.#
#<@B###...#
#gg#Z# #
#.K..# ####.K
(8.. g....
#.....#
#[...##
######


You could see Grinder, a giant cockroach zombie, a giant cockroach, 2 goblins
and a kobold.

Vanquished Creatures
  An ooze (D:1)
  2 worms (D:2)
  2 dart slugs
  2 ball pythons (D:2)
  4 giant cockroaches
  3 hobgoblins
  3 jackals (D:1)
  6 bats
  A frilled lizard (D:2)
  4 goblins (D:1)
  3 kobolds
  8 rats
39 creatures vanquished.

Notes
Turn   | Place    | Note
-------+----------+-------------------------------------------
     0 | D:1      | Borgoz the Ghoul Gladiator began the quest for the Orb.
     0 | D:1      | Reached XP level 1. HP: 17/17 MP: 0/0
   340 | D:1      | Reached XP level 2. HP: 24/24 MP: 1/1
   732 | D:1      | Reached skill level 1 in Armour
   740 | D:1      | Reached XP level 3. HP: 26/30 MP: 2/2
  1398 | D:2      | Found a sacrificial altar of Ru.
  2082 | D:3      | Found a hazy altar of Hepliaklqana.
  2084 | D:3      | Noticed Grinder
  2092 | D:3      | Paralysed by Grinder for 7 turns
  2096 | D:3      | Slain by Grinder

Illustrated notes

Levels and vault maps discovered:
D:1:      mrwooster_arrival_statue_3, layout_loops_corners,
          chequers_mini_garden, kennysheep_crisscross
D:2:      minmay_wonky_spiral, layout_loops_ring, lemuel_crystal_altar
D:3:      lemuel_castle_with_subvaults [lemuel_castle_interior_carwin_3],
          layout_basic, general_overflow_altar, nzn_hepliaklqana_mist_gate,
          serial_undead, serial_undead_d, serial_undead_b, serial_undead_f,
          serial_undead_f, serial_undead_d, serial_undead_e,
          trog_three_pillars_becter, uniq_ijyb, uniq_grinder, uniq_robin

Skill      XL: |  1  2 |
---------------+-------+-----
Armour         | 1 |  1.5
Long Blades    | 3 |  3.2
Dodging        | 3 |  3.1
Fighting       | |  2.5
Throwing       | |  1.7

Action                   || total
-------------------------++-------
Melee: Long sword        ||   110
Throw: Throwing net      ||     1
  Use: Scroll            ||     5
 Stab: Held in net/web   ||     2
Armor: Leather armour    ||    40
Dodge: Dodged            ||    75
       Rpst.: Long sword ||    20
